 Dungeon Crawl Stone Soup version 0.25-a0-310-g60f0ac2 (webtiles) character file.

Game seed: 12850184827637156438, levelgen mode: deterministic

36 Blackhawk the Skirmisher (level 3, -2/29 HPs)
             Began as a Formicid Abyssal Knight on Dec 23, 2019.
             Was a Follower of Lugonu.
             Killed by divine providence
             ... invoked by an orc priest
              (9 damage)
             ... on level 2 of the Dungeon.
             The game lasted 00:02:35 (2082 turns).

Blackhawk the Skirmisher (Formicid Abyssal Knight)  Turns: 2082, Time: 00:02:35

Health: -2/29      AC: 10    Str: 17    XL:     3   Next: 57%
Magic:  5/5        EV:  7    Int: 11    God:    Lugonu [*.....]
Gold:   92         SH:  0    Dex: 10    Spells: 2/2 levels left

rFire    x . .     SeeInvis +   k - -3 whip (curse)
rCold    + . .     Gourm    .   (no shield)
rNeg     . . .     Faith    .   g - +0 chain mail
rPois    .         Spirit   .   (helmet unavailable)
rElec    .         Reflect  .   e - +0 cloak
rCorr    .         Harm     .   (no gloves)
MR       .....                  (no boots)
Stlth    ..........             (no amulet)
HPRegen  0.09/turn              h - ring of ice
MPRegen  0.09/turn              i - ring of teleportation (curse)

@: no status effects
A: permanent stasis, dig shafts and tunnels, four strong arms, antennae 3
a: Dig, Shaft Self, Depart the Abyss, Renounce Religion


You were on level 2 of the Dungeon.
You worshipped Lugonu.
Lugonu was aware of your devotion.
You were not hungry.

You visited 1 branch of the dungeon, and saw 2 of its levels.
You visited the Abyss 1 time.

You collected 92 gold pieces.

Inventory:

Hand Weapons
 a - a +1 hand axe
 k - a cursed -3 whip (weapon)
Armour
 b - a +0 leather armour
 e - a +0 cloak (worn)
 g - a +0 chain mail (worn)
Jewellery
 h - a ring of ice (left hand)
 i - a cursed ring of teleportation (right hand)
Scrolls
 d - a scroll of amnesia
 f - a scroll of identify
Comestibles
 c - a ration


   Skills:
 + Level 3.6 Fighting
 + Level 2.4 Axes
 + Level 2.6 Armour
 + Level 1.4 Dodging
 + Level 2.7 Invocations


You had 2 spell levels left.
You didn't know any spells.
Your spell library was empty.

Dungeon Overview and Level Annotations

Branches:
Dungeon (2/15)

Altars:


Innate Abilities, Weirdness & Mutations

You cannot be hasted, slowed, berserked, paralysed or teleported.
You can dig through walls and to a lower floor.
Your four strong arms can wield two-handed weapons with a shield.
You have a pair of large antennae on your head. (SInv)


Message History

You are too injured to fight recklessly!
You barely miss the orc.
The orc priest invokes the aid of Beogh against you.
Beogh smites you!
* * * LOW HITPOINT WARNING * * *
The orc hits you but does no damage.
You hit the orc.
The orc is lightly wounded.
The orc hits you but does no damage.
You hit the orc.
The orc is moderately wounded.
The orc barely misses you.
An orc comes into view. It is wielding a +0 flail.
You aren't carrying any potions.
You hit the orc.
You kill the orc!
Lugonu accepts your kill.
The orc priest calls down the wrath of Beogh upon you.
Beogh smites you!
You die...

{ #..#.#
{ {#.#
#.##.#
######.#
#. #.#
#......#
#. ..#
#.######
## ###
#.# #.#
#.# {#.#
#@# #o#
#o# #o#
#.# #o#
#.# #.#


You could see an orc priest and 3 orcs.

Vanquished Creatures
  An ooze (D:1)
  2 worms (D:2)
  2 leopard geckos
  An orc (D:2)
  A giant cockroach (D:1)
  2 goblins (D:1)
  3 jackals (D:1)
  5 kobolds
  A ball python skeleton (D:2)
  A bat (D:1)
  4 rats
23 creatures vanquished.

Notes
Turn   | Place    | Note
-------+----------+-------------------------------------------
     0 | Abyss:1  | Blackhawk the Formicid Abyssal Knight began the quest for
                  | the Orb.
     0 | Abyss:1  | Reached XP level 1. HP: 18/18 MP: 2/2
   120 | Abyss:1  | Noticed a small abomination
   144 | D:1      | Escaped the Abyss
   189 | D:1      | Reached skill level 1 in Dodging
   189 | D:1      | Reached XP level 2. HP: 21/24 MP: 3/3
   461 | D:1      | Reached * piety under Lugonu
   477 | D:1      | Reached XP level 3. HP: 28/29 MP: 4/4
  2082 | D:2      | Killed from afar by an orc priest

Levels and vault maps discovered:
D:1:      dpeg_arrival_shelter, layout_basic
D:2:      layout_basic, chequers_serial_rivers_small_b

Skill      XL: |  1 |
---------------+----+-----
Dodging        | 1 |  1.4
Fighting       | |  3.6
Axes           | |  2.4
Armour         | |  2.6
Invocations    | |  2.7

Action                   || total
-------------------------++-------
Melee: Hand axe          ||    31
       Whip              ||   139
Invok: Depart the Abyss  ||     1
  Use: Scroll            ||     4
  Eat: Ration            ||     1
       Chunk             ||     1
Armor: Leather armour    ||     5
       Chain mail        ||    75
Dodge: Dodged            ||    46

Table legend:
 A = Non-vault XP
 B = Vault XP
 C = Vault XP percentage of total XP
 D = Non-vault monster count
 E = Vault monster count
 F = Vault count percentage of total count
                 A         B        C        D         E       F
            +---------+---------+-------+---------+---------+-------
      Total |      52 |       0 |   0.0 |      23 |       0 |   0.0
            +---------+---------+-------+---------+---------+-------
        D:1 |      32 |       0 |   0.0 |      15 |       0 |   0.0
        D:2 |      20 |       0 |   0.0 |       8 |       0 |   0.0
            +---------+---------+-------+---------+---------+-------
